 Dungeon Crawl Stone Soup version 0.29-a0-356-g7bc237e783 (webtiles) character file.

Game seed: 1597815632083649416

1983 spaghetti the Geomancer (level 9, -2/102 HPs)
             Began as a Deep Dwarf Earth Elementalist on Apr 25, 2022.
             Was an Initiate of Makhleb.
             Succumbed to a black mamba's poison
             ... on level 1 of the Lair of Beasts.
             The game lasted 00:13:26 (6249 turns).

spaghetti the Geomancer (DDEE)                      Turns: 6249, Time: 00:13:27

Health: -2/102     AC:  8    Str: 17    XL:     9   Next: 1%
Magic:  0/18       EV: 12    Int: 21    God:    Makhleb [......]
Gold:   210        SH:  0    Dex: 15    Spells: 9/23 levels left

rFire   . . .      SeeInvis .   n - +4 whip (venom) {mace}
rCold   . . .      Faith    .   (no shield)
rNeg    + . .      Spirit   .   b - +1 robe
rPois   .          Reflect  .   (no helmet)
rElec   .          Harm     .   c - +2 cloak
rCorr   .          Rampage  .   (no gloves)
Will    +....      Rnd*Tele +   (no boots)
Stlth   ..........              (no amulet)
HPRegen 0.00/turn               k - +6 ring of strength
MPRegen 0.16/turn               l - ring of positive energy

@: berserking, lethally poisoned (-2 -> -24), very quick
A: damage resistance, heal wounds, sense surroundings 2, no regeneration,
iridescent scales 1, agile 1, teleportitis 1
a: Heal Wounds, Renounce Religion


You were on level 1 of the Lair of Beasts.
You worshipped Makhleb.
Makhleb was noncommittal.
You visited 2 branches of the dungeon, and saw 8 of its levels.

You collected 210 gold pieces.


Innate Abilities, Weirdness & Mutations

You are resistant to damage.
You can heal yourself by infusing magical energy.
You passively map the area around you.
You do not regenerate.
You are partially covered in iridescent scales. (AC +2)
You are agile. (Dex +2)
You are occasionally teleported next to monsters.


   Skills:
 - Level 2.1 Dodging
 - Level 2.4 Stealth
 * Level 7.6 Spellcasting
 - Level 0.8 Transmutations
 + Level 10.8 Earth Magic


You had 9 spell levels left.
You knew the following spells:

 Your Spells              Type           Power      Damage    Failure   Level
a - Sandblast             Erth           100%       2d20      1%          1
b - Stone Arrow           Conj/Erth      60%        3d10      2%          3
c - Passwall              Tmut/Erth      26%        N/A       1%          2
d - Petrify               Tmut/Erth      32%        N/A       8%          4
e - Animate Armour        Summ/Erth      60%        N/A       9%          4

Your spell library contained the following spells:

 Spells                   Type           Power      Damage    Failure   Level
 Apportation              Tloc           16%        N/A       9%          1
 Dazzling Flash           Conj/Hex       16%        N/A       26%         3
 Iskenderun's Mystic Bla  Conj/Tloc      8%         2d4       63%         4
 Alistair's Intoxication  Tmut/Pois      6%         N/A       88%         5
 Starburst                Conj/Fire      4%         6d3       100%        6
 Lehudib's Crystal Spear  Conj/Erth      15%        10d5      100%        8

Inventory:

Hand Weapons
 a - a +0 dagger {short}
   (You took it off a kobold on level 1 of the Dungeon)
 f - a +0 club {mace}
   (You took it off a kobold on level 1 of the Dungeon)
 g - a +0 club {mace}
   (You took it off a kobold on level 1 of the Dungeon)
 h - a +0 short sword {short}
   (You took it off a kobold on level 1 of the Dungeon)
 j - a +0 dagger {short}
   (You took it off a goblin on level 1 of the Dungeon)
 m - a +0 whip {mace}
   (You took it off a kobold on level 1 of the Dungeon)
 n - a +4 whip of venom (weapon) {mace}
   (You found it on level 2 of the Dungeon)
 o - a +0 dagger {short}
   (You took it off a goblin on level 1 of the Dungeon)
 p - a +0 dagger {short}
   (You took it off a kobold on level 1 of the Dungeon)
Missiles
 d - 5 boomerangs {throwing}
 i - 16 poisoned darts {throwing}
 u - 63 stones (quivered) {throwing}
 z - 3 curare-tipped darts {=fthrowing}
Armour
 b - a +1 robe (worn)
 c - a +2 cloak (worn)
   (You found it on level 6 of the Dungeon)
Jewellery
 k - a +6 ring of strength (left hand)
   (You found it on level 1 of the Dungeon)
 l - a ring of positive energy (right hand)
   (You found it on level 7 of the Dungeon)
 x - a ring of see invisible
   (You found it on level 8 of the Dungeon)
Scrolls
 e - 3 scrolls of teleportation {@r4}
 r - 2 scrolls of torment {!r}
 s - a scroll of noise {unknown}
 t - 2 scrolls of magic mapping {!r}
 v - 2 scrolls of identify {@r1}
 y - 2 scrolls of amnesia
Potions
 q - 3 potions of flight
 w - a potion of lignification {!q}
 A - 2 potions of invisibility

Dungeon Overview and Level Annotations

Branches:
Dungeon (8/15)               Lair (1/6) D:8
 Temple: D:4-7

Altars:
Makhleb
Wu Jian

Annotations:
D:6 exclusion: door

.........................
*
.........................,
** ,
.......<.................
,*
*#........................
#.................(......
*,,
.........................
*
#........................
, *
##.......................,
, ##...........@S.........
##.....................,
#...................., *
#....................
##...#.##P..#........
#..##.###..#......? *
######..#...#P......... ,
.............##..#..... ,
* .....................,,
,, ,


You could see a black mamba.


Message History

😮 HP[-1]
You take 1 damage, and now have 45/62 hp.
You hit the komodo dragon.
The komodo dragon looks as sick as possible!
The komodo dragon bites you but does no damage.
You whack the komodo dragon!
You kill the komodo dragon!
Makhleb accepts your kill.
You have reached level 9!
Your experience leads to an increase in your attributes!
Your base attributes are Str 11, Int 19, Dex 13.
Increase (S)trength, (I)ntelligence, or (D)exterity?
You feel clever. x2
Your attunement to dungeon structure grows. 😮 HP[+4]
You now have 68 max hp (+6).
You regained 4 hp, and now have 49/68 hp.
Okay, then.
You aren't carrying any items that you can evoke.
Unknown command.
Your animated robe hits the butterfly.
The butterfly dies! 😮 MP[+1]
Casting: Sandblast (safe; 1% risk of failure)
Confirm with . or Enter, or press ? or * to list all spells.
Aiming: Sandblast (safe; 1% risk of failure)
Press: ? - help, Shift-Dir - straight line, f - black mamba
Aim: a black mamba (ally target, 73% to hit)
The blast of sand misses the black mamba.
u - 64 stones {throwing} The black mamba bites you! 😮 HP[-9] MP[-1]
You take 9 damage, and now have 40/68 hp.
You lost 1 mp, and now have 0/19 mp.
You hit the black mamba but do no damage.
The black mamba bites you. The black mamba bites you!
* * * LOW HITPOINT WARNING * * *
😨 HP[-11]
You take 11 damage, and now have 29/68 hp.
You closely miss the black mamba. The black mamba bites you!
* * * LOW HITPOINT WARNING * * *
The black mamba bites you. 😨 HP[-9]
You take 9 damage, and now have 20/68 hp.
You barely miss the black mamba. The black mamba bites you!
* * * LOW HITPOINT WARNING * * *
The black mamba barely misses you. 😱 HP[-13] MP[+1]
You take 13 damage, and now have 7/68 hp.
Casting: Sandblast (safe; 1% risk of failure)
Confirm with . or Enter, or press ? or * to list all spells.
Okay, then.
Your magical essence is drained by the effort!
You feel much better.
Your animated robe disappears in a puff of smoke!
The black mamba closely misses you. The black mamba bites you.
You are poisoned.
The black mamba poisons you! 😨 HP[+20]
You regained 20 hp, and now have 27/68 hp.
Unknown command.
Casting: Sandblast (safe; 1% risk of failure)
Confirm with . or Enter, or press ? or * to list all spells.
Aiming: Sandblast (safe; 1% risk of failure)
Press: ? - help, Shift-Dir - straight line, f/p - black mamba
Aim: a black mamba (73% to hit)
The blast of sand hits the black mamba!!
u - 63 stones {throwing} You feel sick.
The black mamba bites you!
* * * LOW HITPOINT WARNING * * *
😱 HP[-15] MP[-1]
You take 15 damage, and now have 12/68 hp.
MASSIVE DAMAGE!! (PAUSE)
You lost 1 mp, and now have 0/18 mp.
It was a potion of berserk rage.
A red film seems to cover your vision as you go berserk!
You feel yourself moving faster!
You feel mighty! The black mamba bites you.
* * * LOW HITPOINT WARNING * * *
The black mamba barely misses you. 😱 HP[+3]
You now have 102 max hp (+34).
You regained 3 hp, and now have 15/102 hp.
You closely miss the black mamba. The black mamba bites you!
* * * LOW HITPOINT WARNING * * *
You are lethally poisoned!
The black mamba poisons you! 😱 HP[-7]
You take 7 damage, and now have 8/102 hp.
Unknown command.
You miss the black mamba.
* * * LOW HITPOINT WARNING * * *
You feel very sick. The black mamba bites you.
You are more poisoned.
The black mamba poisons you! 😱 HP[-4]
You take 4 damage, and now have 4/102 hp.
Unknown command.
You barely miss the black mamba.
You die...

Skill      XL: |  1  2  3  4  5  6  7  8 |
---------------+-------------------------+-----
Earth Magic    | 5 6 7 8 9 10 | 10.8
Spellcasting   | 2 3 4 5 7 |  7.6
Dodging        | |  2.1
Stealth        | |  2.4
Transmutations | |  0.8

Action                   |  1- 3 |  4- 6 |  7- 9 || total
-------------------------+-------+-------+-------++-------
Melee: Whip              |    33 |    26 |    45 ||   104
       Punch             |     1 |       |       ||     1
Throw: Stone             |     9 |    32 |       ||    41
       Boomerang         |     2 |       |       ||     2
       Dart              |       |       |     4 ||     4
 Cast: Sandblast         |    40 |    20 |    21 ||    81
       Stone Arrow       |     7 |    30 |    58 ||    95
       Animate Armour    |       |       |     3 ||     3
 Abil: Heal Wounds       |       |     5 |     2 ||     7
Evoke: Wand              |       |       |     3 ||     3
  Use: Potion            |     1 |     5 |     5 ||    11
       Scroll            |       |     3 |    12 ||    15
 Stab: Sleeping          |       |     1 |       ||     1
Armor: Robe              |    11 |     5 |    19 ||    35
Dodge: Dodged            |    68 |    31 |    40 ||   139

Levels and vault maps discovered:
D:1:      scummos_arrival_star, layout_basic, minmay_misc_feat_diagonals,
          serial_bayou_lagoon_a
D:2:      layout_rooms, basic_altar, serial_bayou_pond_b
D:3:      layout_basic, general_overflow_altar,
          dreamdust_ecumenical_altar_hidden_monk_grotto, corexii_shack
D:5:      layout_rooms, minmay_temple_entry_water_ring, gup_sewer_entry_bowl,
          chequers_big_river, kennysheep_cluttered_room
D:6:      layout_gridville, minmay_a_box_with_orc_wizards_in_it,
          uniq_blork_the_orc
D:7:      layout_cave_pods, lightli_orcish_oven
D:8:      layout_loops_ring, mainiacjoe_overflow_chevrons, dpeg_oklobed_lair
Lair:1:   layout_gridlike, lemuel_fruit_fields, serial_bayou_shore_b

Notes
Turn   | Place    | Note
-------+----------+-------------------------------------------
     0 | D:1      | spaghetti the Deep Dwarf Earth Elementalist began the quest
                  | for the Orb.
     0 | D:1      | Reached XP level 1. HP: 15/15 MP: 3/3
     0 | D:1      | magus.rc [v1.9.6]
   103 | D:1      | Reached XP level 2. HP: 22/22 MP: 1/4
   256 | D:1      | Reached skill level 5 in Earth Magic
   648 | D:1      | Reached XP level 3. HP: 26/28 MP: 2/5
  1225 | D:1      | Learned a level 3 spell: Stone Arrow
  1256 | D:1      | Reached skill level 6 in Earth Magic
  1586 | D:2      | Reached XP level 4. HP: 26/36 MP: 0/6
  1792 | D:2      | Found an ornate altar of the Wu Jian Council.
  2249 | D:3      | Reached skill level 7 in Earth Magic
  2442 | D:3      | You pick up a book of Armaments and begin reading...
  2442 | D:3      | You add the spells Animate Armour and Lehudib's Crystal
                  | Spear to your library.
  2820 | D:3      | Reached skill level 2 in Spellcasting
  2980 | D:3      | You fall into a shaft and drop 3 floors!
  3000 | D:6      | Noticed a necrophage
  3005 | D:6      | Killed a necrophage
  3006 | D:6      | Reached XP level 5. HP: 21/42 MP: 1/8
  3014 | D:5      | Entered Level 5 of the Dungeon
  3014 | D:5      | Noticed a phantom
  3053 | D:6      | Reached skill level 3 in Spellcasting
  3164 | D:6      | Reached XP level 6. HP: 21/49 MP: 3/10
  3244 | D:6      | Reached skill level 8 in Earth Magic
  3328 | D:6      | Learned a level 2 spell: Passwall
  3333 | D:6      | Learned a level 4 spell: Petrify
  3349 | D:6      | Noticed an orc warrior
  3479 | D:6      | Reached skill level 4 in Spellcasting
  3534 | D:6      | HP: 8/49 [orc warrior/+0 battleaxe (16)]
  3537 | D:6      | Killed an orc warrior
  3538 | D:6      | Reached XP level 7. HP: 55/55 MP: 1/13
  3758 | D:6      | Learned a level 4 spell: Animate Armour
  3775 | D:6      | Noticed Blork the orc
  3778 | D:6      | Killed Blork the orc
  4217 | D:6      | Reached skill level 5 in Spellcasting
  4229 | D:6      | Reached skill level 9 in Earth Magic
  4237 | D:6      | HP: 9/55 [orc wizard/puff of flame (9)]
  4239 | D:6      | Gained mutation: You are occasionally teleported next to
                  | monsters. [potion of mutation]
  4239 | D:6      | Gained mutation: You are agile. (Dex +2) [potion of
                  | mutation]
  4239 | D:6      | Gained mutation: You are partially covered in iridescent
                  | scales. (AC +2) [potion of mutation]
  4381 | D:6      | You pick up a book of Spectacle and begin reading...
  4381 | D:6      | You add the spells Dazzling Flash, Iskenderun's Mystic
                  | Blast and Starburst to your library.
  4835 | D:7      | Reached XP level 8. HP: 19/62 MP: 6/16
  4908 | D:7      | HP: 14/62 [wight/+1 halberd (5)]
  4914 | D:7      | HP: 5/62 [wight/+4 spear (2)]
  4919 | D:7      | Reached skill level 6 in Spellcasting
  5006 | D:7      | Noticed a two-headed ogre
  5099 | D:8      | You pick up a book of Party Tricks and begin reading...
  5099 | D:8      | You add the spells Apportation and Alistair's Intoxication
                  | to your library.
  5104 | D:8      | Found a staircase to the Lair.
  5716 | D:8      | Reached skill level 10 in Earth Magic
  6010 | D:8      | Found a burning altar of Makhleb.
  6037 | D:8      | Became a worshipper of Makhleb the Destroyer
  6094 | D:8      | Reached skill level 7 in Spellcasting
  6102 | Lair:1   | Entered Level 1 of the Lair of Beasts
  6139 | Lair:1   | Noticed an eight-headed hydra
  6226 | Lair:1   | Noticed a komodo dragon
  6234 | Lair:1   | Noticed a black mamba
  6236 | Lair:1   | Killed a komodo dragon
  6237 | Lair:1   | Gained mutation: You passively map the area around you.
                  | [Deep Dwarf growth]
  6237 | Lair:1   | Reached XP level 9. HP: 49/68 MP: 0/19
  6243 | Lair:1   | HP: 7/68 [black mamba (13)]
  6248 | Lair:1   | HP: 4/102 [poisoned by a black mamba]
  6249 | Lair:1   | Succumbed to a black mamba's poison

Vanquished Creatures
  A komodo dragon (Lair:1)
  A shadow (D:8)
  A water moccasin (Lair:1)
  An orc warrior (D:6)
  An ice beast (D:6)
  A phantom (D:6)
  Blork the orc (D:6)
  A necrophage (D:6)
  A bullfrog (D:6)
  2 kobold brigands (D:8)
  A scorpion (D:6)
  2 wights (D:7)
  2 howler monkeys (D:8)
  2 hounds (D:6)
  A gnoll shaman (D:6)
  A jelly (D:8)
  An orc priest (D:8)
  8 orc wizards
  5 gnolls
  8 adders
  A shadow imp (D:6)
  A white imp (D:8)
  2 worms
  2 dart slugs
  9 orcs
  4 endoplasms
  4 giant cockroaches (D:1)
  8 goblins
  5 hobgoblins
  4 jackals (D:1)
  15 kobolds
  3 quokkas
  5 ball pythons
  7 bats
  A frilled lizard (D:1)
  7 rats
120 creatures vanquished.

Vanquished Creatures (collateral kills)
  A wight (D:7)
  A butterfly (Lair:1)
2 creatures vanquished.

Vanquished Creatures (others)
  9 plants
9 creatures vanquished.

Grand Total: 131 creatures vanquished

Table legend:
 A = Non-vault XP
 B = Vault XP
 C = Vault XP percentage of total XP
 D = Non-vault monster count
 E = Vault monster count
 F = Vault count percentage of total count
                 A         B        C        D         E       F
            +---------+---------+-------+---------+---------+-------
      Total |    2575 |     258 |   9.1 |     113 |       8 |   6.6
            +---------+---------+-------+---------+---------+-------
        D:1 |      61 |       0 |   0.0 |      34 |       0 |   0.0
        D:2 |      53 |      19 |  26.4 |      15 |       3 |  16.7
        D:3 |      47 |       0 |   0.0 |      14 |       0 |   0.0
        D:6 |     949 |     239 |  20.1 |      25 |       5 |  16.7
        D:7 |     237 |       0 |   0.0 |       4 |       0 |   0.0
        D:8 |     708 |       0 |   0.0 |      19 |       0 |   0.0
     Lair:1 |     520 |       0 |   0.0 |       2 |       0 |   0.0
            +---------+---------+-------+---------+---------+-------

Illustrated notes

Table legend:
 A = Kills in this place as a percentage of kills in entire the game.
 B = Kills by you in this place as a percentage of kills by you in the entire game.
 C = Kills by friends in this place as a percentage of kills by friends in the entire game.
 D = Other kills in this place as a percentage of other kills in the entire game.
 E = Experience gained in this place as a percentage of experience gained in the entire game.
 F = Experience gained in this place divided by the number of levels of this place that you have seen.
                   A       B       C       D       E      F
               +-------+-------+-------+-------+-------+----------------------
         Total | 100.0 | 100.0 | 100.0 |   N/A | 100.0 | 354.1
       Dungeon |  98.3 |  98.3 | 100.0 |   N/A |  81.6 | 330.4
          Lair |   1.7 |   1.7 |   0.0 |   N/A |  18.4 | 520.0
               +-------+-------+-------+-------+-------+----------------------

Table legend: (Time is in decaauts)
 A = Elapsed time spent in this place.
 B = Non-inter-level travel time spent in this place.
 C = Inter-level travel time spent in this place.
 D = Time resting spent in this place.
 E = Time spent auto-exploring this place.
 F = Levels seen in this place.
 G = Mean time per level.
                   A        B        C        D        E       F      G
               +--------+--------+--------+--------+--------+-----+--------+
         Total |   6259 |   5995 |    264 |   1267 |   3837 |   8 |  782.4 |
       Dungeon |   6112 |   5849 |    263 |   1210 |   3782 |   7 |  873.1 |
          Lair |    146 |    146 |      0 |     57 |     55 |   1 |  146.0 |
               +--------+--------+--------+--------+--------+-----+--------+

Top non-repeatable levels by time:
     D:6: 1956 daAuts
     D:1: 1318 daAuts
     D:8: 1074 daAuts
     D:2: 936 daAuts
     D:3: 744 daAuts
  Lair:1: 146 daAuts
     D:7: 77 daAuts
     D:5: 3 daAuts
